 Dungeon Crawl Stone Soup version 0.28-a0-537-g3bccd9ccbf (webtiles) character file.

Game seed: 9443872597527786179

1473 Zenkrye the Grasshopper (level 8, 0/67 HPs)
             Began as a Naga Warper on Sept 27, 2021.
             Slain by a steam dragon (2 damage)
             ... on level 6 of the Dungeon.
             The game lasted 00:20:52 (6384 turns).

Zenkrye the Grasshopper (Naga Warper)               Turns: 6384, Time: 00:20:53

Health: 0/67       AC: 10    Str: 15    XL:     8   Next: 78%
Magic:  11/11      EV:  8    Int: 17    God:
Gold:   195        SH:  5    Dex: 10    Spells: 6/11 levels left

rFire   x . .      SeeInvis +   a - +1 hand axe
rCold   . . .      Faith    .   h - +0 buckler
rNeg    + . .      Spirit   .   o - +3 ring mail
rPois   +          Reflect  .   u - +1 helmet
rElec   .          Harm     .   (no cloak)
rCorr   +          Rampage  .   (no gloves)
Will    +....                   (no barding)
Stlth   ..........              (no amulet)
HPRegen 0.21/turn               g - ring "Suurgh" {rF- rN+ rCorr Str+2 Slay+3}
MPRegen 0.12/turn               (no ring)

@: studying Staves, very slow
A: AC +2, large, see invisible, deformed body, poison resistance, slowness 2,
spit poison 1, naga tail 1
a: Spit Poison


You were on level 6 of the Dungeon.
You visited 1 branch of the dungeon, and saw 6 of its levels.

You collected 195 gold pieces.

Inventory:

Hand Weapons
 a - a +1 hand axe (weapon)
 i - a +0 hunting sling {@w2}
 n - a +2 vorpal spear
Missiles
 f - 62 bolts
 l - a silver boomerang (quivered)
 q - 18 sling bullets
 r - 6 javelins
Armour
 h - a +0 buckler (worn)
 o - a +3 ring mail (worn)
 t - a +0 kite shield
 u - a +1 helmet (worn)
Jewellery
 g - the ring "Suurgh" (left hand) {rF- rN+ rCorr Str+2 Slay+3}
   (You acquired it on level 3 of the Dungeon)

   [ring of positive energy]

   Str:       It affects your strength (+2).
   Slay:      It affects your accuracy & damage with ranged weapons and melee
   (+3).
   rF:        It makes you vulnerable to fire.
   rN:        It protects you from negative energy.
   rCorr:     It protects you from acid and corrosion.
Scrolls
 b - a scroll of amnesia
 c - a scroll of blinking {@r4}
 j - a scroll of fear
Potions
 d - a potion of attraction
 e - a potion of curing {@q1}
 k - 2 potions of cancellation
 p - a potion of flight
 v - 2 potions of lignification
 z - a potion of heal wounds {unknown}


   Skills:
 - Level 2.0 Fighting
 + Level 6.3 Axes
 - Level 1.0 Throwing
 - Level 0.9 Armour
 - Level 1.6 Dodging
 + Level 4.9 Shields
 - Level 2.0 Spellcasting
 + Level 6.7 Translocations


You had 6 spell levels left.
You knew the following spells:

 Your Spells              Type           Power      Damage    Failure   Level
a - Teleport Other        Tloc           24%        N/A       7%          3
b - Blink                 Tloc           N/A        N/A       3%          2

Your spell library contained the following spells:

 Spells                   Type           Power      Damage    Failure   Level
 Gell's Gravitas          Tloc           12%        N/A       7%          3
 Lesser Beckoning         Tloc           24%        N/A       7%          3
 Slow                     Hex            1%         N/A       50%         2
 Manifold Assault         Tloc           24%        N/A       54%         5
 Confusing Touch          Hex            1%         N/A       75%         3
 Frozen Ramparts          Ice            2%         1d2       75%         3
 Vampiric Draining        Necr           0%         2d6       75%         3
 Ice Form                 Ice/Tmut       1%         N/A       98%         4
 Summon Ice Beast         Ice/Summ       1%         N/A       98%         4


Dungeon Overview and Level Annotations

Branches:
Dungeon (6/15)
 Temple: D:4-7

Altars:
Hepliaklqana
Zin

Annotations:
D:5 Edmund, Eustachio


Innate Abilities, Weirdness & Mutations

Your serpentine skin is tough. (AC +2)
You have supernaturally acute eyesight. (SInv)
Armour fits poorly on your strangely shaped body.
Your system is resistant to poisons. (rPois)
You cover ground very slowly.
You can spit poison.
You have a snake-like lower body.


Message History

The steam dragon claws you but does no damage.
You hit the steam dragon.
The steam dragon is heavily wounded.
The steam dragon breathes steam at you. The ball of steam hits you!!
The steam scalds you terribly!
You barely miss the steam dragon.
The steam dragon is heavily wounded.
You are engulfed in a cloud of scalding steam.
The steam dragon bites you but does no damage.
The steam dragon claws you but does no damage.
You hit the steam dragon.
The steam dragon is severely wounded.
You are engulfed in a cloud of scalding steam.
You block the steam dragon's attack.
The steam dragon claws you but does no damage.
You hit the steam dragon.
The steam dragon is severely wounded.
The steam dragon bites you but does no damage.
The steam dragon claws you but does no damage.
You slash the steam dragon!
The steam dragon is almost dead.
The steam dragon bites you.
The steam dragon claws you but does no damage.
You are too injured to fight recklessly!
You completely miss the steam dragon.
The steam dragon is almost dead.
The steam dragon breathes steam at you. The ball of steam hits you!!
The steam scalds you terribly!
* * * LOW HITPOINT WARNING * * *
You feel better.
You are engulfed in a cloud of scalding steam.
* * * LOW HITPOINT WARNING * * *
The steam dragon bites you.
* * * LOW HITPOINT WARNING * * *
You block the steam dragon's attack. The steam dragon breathes steam at you.
The ball of steam hits you. The steam scalds you terribly!
* * * LOW HITPOINT WARNING * * *
The steam dragon bites you.
You die...

#. #.#
#####.#######.####
.................+
.....###......###
...#.........#
#.#.#######..# .
##..§#..§.)#.....
....###...§#.$...#.##..
..........@§.._$.#.+
...
#######...D#...$.#$# ##
#....#.$...#.#
#....#######..
#............
.........#....
..........#####
(...#######


You could see a steam dragon (catching breath).

Vanquished Creatures
  Pikel (D:5)
  Sigmund (D:4)
  A sky beast (D:6)
  2 ogres
  A kobold brigand (D:4)
  Blork the orc (D:4)
  A jelly (D:6)
  A bullfrog zombie (D:3)
  3 hounds
  Jessica (D:2)
  2 iguanas
  An orc wizard (D:4)
  A hound skeleton (D:4)
  Robin (D:4)
  4 gnolls (D:5)
  5 adders
  2 adder skeletons (D:4)
  12 dart slugs
  17 orcs
  6 endoplasms
  5 giant cockroaches
  13 goblins
  8 hobgoblins
  3 jackals (D:3)
  2 quokkas (D:3)
  4 ball pythons
  4 bats
  A frilled lizard (D:1)
  5 kobolds
  5 rats
114 creatures vanquished.

Vanquished Creatures (others)
  40 plants (D:4)
40 creatures vanquished.

Grand Total: 154 creatures vanquished

Notes
Turn   | Place    | Note
-------+----------+-------------------------------------------
     0 | D:1      | Zenkrye the Naga Warper began the quest for the Orb.
     0 | D:1      | Reached XP level 1. HP: 19/19 MP: 3/3
   242 | D:1      | Reached skill level 1 in Throwing
   727 | D:1      | Reached XP level 2. HP: 26/26 MP: 5/5
  1307 | D:2      | Noticed Jessica
  1613 | D:2      | Killed Jessica
  1614 | D:2      | Reached skill level 1 in Shields
  1614 | D:2      | Reached XP level 3. HP: 32/32 MP: 6/6
  2029 | D:2      | Learned a level 2 spell: Blink
  2072 | D:3      | Reached XP level 4. HP: 39/39 MP: 7/7
  2724 | D:3      | Found a faded altar of an unknown god.
  2771 | D:3      | Reached XP level 5. HP: 35/45 MP: 8/8
  3137 | D:3      | Identified a scroll of acquirement
  3137 | D:3      | Acquired the ring "Suurgh" {rF- rN+ rCorr Str+2 Slay+3}
  3261 | D:4      | Noticed Robin
  3757 | D:4      | Noticed Blork the orc
  4034 | D:4      | Killed Robin
  4035 | D:4      | Reached XP level 6. HP: 44/52 MP: 9/9
  4238 | D:4      | Found a hazy altar of Hepliaklqana.
  4239 | D:4      | Noticed Sigmund
  4252 | D:4      | Killed Sigmund
  4325 | D:4      | Reached XP level 7. HP: 27/60 MP: 10/10
  4614 | D:3      | Learned a level 3 spell: Teleport Other
  4627 | D:4      | Reached skill level 5 in Translocations
  5036 | D:4      | Killed Blork the orc
  5314 | D:4      | Reached skill level 5 in Axes
  5644 | D:5      | Entered Level 5 of the Dungeon
  5788 | D:5      | Noticed Pikel
  6014 | D:5      | Killed Pikel
  6015 | D:5      | Reached XP level 8. HP: 58/67 MP: 3/11
  6112 | D:5      | Noticed Eustachio
  6135 | D:5      | Noticed Edmund
  6338 | D:6      | Found a glowing silver altar of Zin.
  6384 | D:6      | HP: 2/67 [steam dragon/ball of steam (6)]
  6384 | D:6      | Slain by a steam dragon

Illustrated notes

Levels and vault maps discovered:
D:1:      minmay_arrival_four_circles, layout_loops_cross, minmay_misc_feat_x,
          chequers_serial_rivers_micro_c
D:2:      layout_rooms, uniq_jessica
D:3:      layout_basic, basic_ecumenical_altar
D:4:      kennysheep_slugbush, layout_rooms, mainiacjoe_overflow_boulevard,
          serial_bayou, serial_bayou_ford_a, serial_bayou_lake_a,
          serial_bayou_crossing, serial_bayou_pond_a, minmay_manual_monstrance,
          uniq_robin, uniq_sigmund, uniq_blork_the_orc
D:5:      layout_cave_pools, uniq_pikel, uniq_eustachio, uniq_edmund
D:6:      layout_basic, kennysheep_little_box, marbit_many_paths,
          amcnicky_altar_gilded, minmay_temple_entry_statues_fountains,
          serial_shops, shop_statue, uniq_duvessa, uniq_grinder

Skill      XL: |  1  2  3  4  5  6  7 |
---------------+----------------------+-----
Throwing       | 1 |  1.0
Shields        | 1 2 3 4 |  4.9
Axes           | 3 4 6 |  6.3
Translocations | 4 6 |  6.7
Fighting       | |  2.0
Armour         | |  0.9
Dodging        | |  1.6
Spellcasting   | |  2.0

Action                   |  1- 3 |  4- 6 |  7- 9 || total
-------------------------+-------+-------+-------++-------
Melee: Hand axe          |    79 |   134 |    61 ||   274
 Fire: Hunting sling     |       |       |    15 ||    15
Throw: Boomerang         |     5 |     2 |    15 ||    22
       Dart              |       |       |     2 ||     2
       Throwing net      |       |       |     1 ||     1
 Cast: Blink             |       |       |     4 ||     4
 Abil: Spit Poison       |     9 |    33 |    38 ||    80
  Use: Scroll            |     5 |     3 |     7 ||    15
       Potion            |       |       |     4 ||     4
 Stab: Sleeping          |     1 |       |       ||     1
Armor: Leather armour    |    21 |    28 |     9 ||    58
       Ring mail         |       |       |    30 ||    30
Dodge: Dodged            |    35 |    83 |    41 ||   159
Block: Buckler           |     9 |    21 |    21 ||    51

Table legend: (Time is in decaauts)
 A = Elapsed time spent in this place.
 B = Non-inter-level travel time spent in this place.
 C = Inter-level travel time spent in this place.
 D = Time resting spent in this place.
 E = Time spent auto-exploring this place.
 F = Levels seen in this place.
 G = Mean time per level.
                   A        B        C        D        E       F      G
               +--------+--------+--------+--------+--------+-----+--------+
         Total |   7681 |   7219 |    462 |    652 |   5245 |   6 | 1280.2 |
       Dungeon |   7681 |   7219 |    462 |    652 |   5245 |   6 | 1280.2 |
               +--------+--------+--------+--------+--------+-----+--------+

Top non-repeatable levels by time:
     D:3: 2244 daAuts
     D:4: 2162 daAuts
     D:1: 1649 daAuts
     D:2: 844 daAuts
     D:5: 592 daAuts
     D:6: 187 daAuts
